 Dungeon Crawl Stone Soup version 0.20-a0-1025-g4706f7e (webtiles) character file.

256 Gorglomux the Insei (level 5, -24/39 HPs)
             Began as a Demigod Transmuter on Apr 19, 2017.
             Killed from afar by a hell hog (41 damage)
             ... with a fireball
             ... on level 1 of the Abyss.
             The game lasted 00:08:16 (3252 turns).

Gorglomux the Insei (Demigod Transmuter)            Turns: 3252, Time: 00:08:17

Health: -24/39     AC:  5    Str: 13    XL:     5   Next: 60%
Magic:  12/12      EV: 12    Int: 19    God:
Gold:   60         SH:  0    Dex: 16    Spells: 4/10 levels left

rFire    . . .     SeeInvis .     - Unarmed
rCold    . . .     Gourm    .   (no shield)
rNeg     . . .     Faith    .   w - +0 troll leather armour {Purgy}
rPois    .         Spirit   .   (no helmet)
rElec    .         Reflect  .   (no cloak)
rCorr    .         Harm     .   p - +0 pair of gloves
MR       .....                  (no boots)
Stlth    +.........             (no amulet)
Regen    0.6/turn               (no ring)
MPRegen  0.2/turn               (no ring)

@: no status effects
A: high mp 1
a: no special abilities


You were on level 1 of the Abyss.
You were not hungry.

You visited 1 branch of the dungeon, and saw 3 of its levels.
You visited the Abyss 1 time.

You collected 60 gold pieces.

Inventory:

Missiles
 a - 11 arrows
Armour
 b - a +0 robe
 e - a +0 buckler
   (You found it on level 1 of the Dungeon)
 p - a +0 pair of gloves (worn)
   (You found it on level 2 of the Dungeon)
 w - a +0 troll leather armour (worn) {Purgy}
   (You found it on level 3 of the Dungeon)
Scrolls
 f - 2 scrolls of fog
 g - 2 scrolls of remove curse
 k - a scroll of recharging {unknown}
 o - 2 scrolls of identify {unknown}
 q - a scroll of fear {unknown}
 s - a scroll of amnesia {unknown}
 v - a scroll of blinking {unknown}
Potions
 h - a potion of heal wounds {unknown}
 i - a potion of flight {unknown}
 j - a potion of curing {unknown}
 l - a potion of degeneration {unknown}
 m - a potion of agility {unknown}
 n - a potion of lignification {unknown}
Books
 c - a book of Changes
Comestibles
 d - 3 bread rations {@e1@e1}
 r - 5 chunks of flesh {@w0@w0}
 t - 2 royal jellies
 u - a meat ration {@e2@e2}


   Skills:
 - Level 0.8 Fighting
 - Level 1.7 Dodging
 + Level 5.2 Unarmed Combat
 - Level 3.0 Spellcasting
 * Level 2.1 Transmutations


You had 4 spell levels left.
You knew the following spells:

 Your Spells              Type           Power        Failure   Level  Hunger
a - Beastly Appendage     Tmut           ##....       9%          1    None
c - Spider Form           Tmut/Pois      #.........   36%         3    ###....
s - Sticks to Snakes      Tmut           ##......     12%         2    ##.....


Dungeon Overview and Level Annotations

Branches:
Dungeon (3/15)


Innate Abilities, Weirdness & Mutations

You have an increased reservoir of magic. (+10% MP)


Message History

You see here a jackal corpse.
You butcher the jackal corpse.
r - 10 chunks of flesh {@w0@w0} (gained 3)
You see here a jackal skeleton.
Your horns disappear.
There is an open door here.
You open the door.
There is an open door here.
A worm comes into view.
A worm is nearby!
A worm is nearby!
You grow a pair of large bovine horns.
A kobold comes into view. It is wielding a dagger of distortion.
You now have 11/12 mp.
You punch the worm! You headbutt the worm! The worm bites you.
You take 6 damage, and have 33/39 hp.
You hit the worm but do no damage. You punch the worm.
You kill the worm!
No target in view!
t - 2 royal jellies (gained 1)
Your transformation is almost over.
Your horns disappear.
A kobold comes into view.
Health restored: 39; MP restored: 12 A kobold is nearby!
Unknown command.
A kobold is nearby!
Unknown command.
A kobold is nearby!
Unknown command.
Your feet morph into talons.
You now have 11/12 mp.
Unknown command.
The kobold shouts!
The kobold barely misses you.
You closely miss the kobold. You claw the kobold, but do no damage.
The kobold hits you but does no damage.
Unknown command.
You hit the kobold. You claw the kobold, but do no damage.
Unknown command.
A kobold is nearby!
Unknown command.
A kobold is nearby!
Unknown command.
Unknown command.
You hit the kobold.
You kill the kobold!
No target in view!
No target in view!
Things that are here:
a blowgun; 8 poisoned needles Your transformation is almost over.
Your talons disappear.
MP restored: 12 A kobold is nearby!
Unknown command.
A kobold is nearby!
Unknown command.
Unknown command.
A kobold is nearby!
A kobold is nearby!
You grow a pair of large bovine horns.
You now have 11/12 mp.
The kobold hits you with a dagger of distortion.
You blink.
You take 2 damage, and have 37/39 hp.
Your transformation is almost over.
The kobold hits you but does no damage.
You feel strangely unstable.
You closely miss the kobold.
The kobold hits you with a dagger of distortion.
You are cast into the Abyss!
To return, you must find a gate leading back.
Killing monsters will force the Abyss to allow you passage.
This branch contains the abyssal rune of Zot.
No target in view!
No target in view!
No target in view!
Unknown command.
Unknown command.
Unknown command.
You take 2 damage, and have 36/39 hp.
Unknown command.
Unknown command.
MP restored: 12 You are suddenly pulled into a different region of the Abyss!
Unknown command.
Health restored: 39 Your horns disappear.
The hell hog squeals angrily.
Some of the chunks of flesh in your inventory have rotted away.
The hell hog breathes fire at you.
The fireball explodes!
The fireball engulfs you!
Ouch! That really hurt!
You take 24 damage, and have 15/39 hp.
MASSIVE DAMAGE!!
The hell hog breathes fire at you.
The fireball explodes!
The fireball engulfs you!
Ouch! That really hurt!
You die...

.. ..#....... # #
#...h....#.## .#
.....# .#.# ..###
##.##..#.#.##.#
...##..##.# ..
#####..#.. ####
........X###..# .
.#..#..#...#####..#
..#.#...##@.....#
##...#h##.#ยง#.#...
###.#..#h......#
##..#.....###.
#...##.##....# #
......#.#.#.
#.......#.._#
.##.####..### ..
..#. #.


You could see a starcursed mass and a hell hog.

Vanquished Creatures
  Purgy (D:3)
  An orc wizard (D:3)
  2 adders (D:2)
  A gnoll (D:1)
  3 worms
  2 dart slugs (D:1)
  A leopard gecko (D:3)
  10 orcs (D:3)
  2 giant cockroaches (D:1)
  6 goblins
  11 hobgoblins
  5 jackals (D:3)
  A quokka (D:2)
  A ball python (D:2)
  5 bats
  6 frilled lizards
  11 kobolds
  11 rats
80 creatures vanquished.

Notes
Turn   | Place    | Note
-------+----------+-------------------------------------------
     0 | D:1      | Gorglomux the Demigod Transmuter began the quest for the Orb.
     0 | D:1      | Reached XP level 1. HP: 15/15 MP: 5/5
   205 | D:1      | Reached skill level 3 in Unarmed Combat
   205 | D:1      | Reached XP level 2. HP: 22/22 MP: 5/7
   672 | D:1      | Reached XP level 3. HP: 25/27 MP: 8/8
  1103 | D:2      | Reached skill level 4 in Unarmed Combat
  1112 | D:2      | Learned a level 2 spell: Sticks to Snakes
  1201 | D:2      | Reached skill level 2 in Transmutations
  2079 | D:2      | Reached XP level 4. HP: 27/34 MP: 7/9
  2082 | D:2      | Found a shattered altar of Ashenzari.
  2091 | D:2      | Learned a level 3 spell: Spider Form
  2473 | D:3      | Reached skill level 2 in Spellcasting
  3010 | D:3      | Noticed Purgy
  3021 | D:3      | Killed Purgy
  3021 | D:3      | Reached skill level 5 in Unarmed Combat
  3021 | D:3      | Reached skill level 3 in Spellcasting
  3021 | D:3      | Reached XP level 5. HP: 27/39 MP: 8/12
  3199 | D:3      | Cast into level 1 of the Abyss (kobold)
  3241 | Abyss:1  | Noticed a hell hog
  3241 | Abyss:1  | Noticed a starcursed mass
  3252 | Abyss:1  | Found a corrupted altar of Lugonu.
  3252 | Abyss:1  | Killed from afar by a hell hog

Vault maps used:
D:1:      dpeg_arrival_arbitrary_a, serial_forest, infiniplex_forest_zigzag_1,
          infiniplex_forest_lined_2, infiniplex_forest_lined_room_2,
          infiniplex_forest_lined_corner, infiniplex_forest_clump_diagonal,
          infiniplex_forest_lined_4_way, infiniplex_forest_lined_2,
          infiniplex_forest_straight_1, infiniplex_forest_lined_2
D:2:      nicolae_overflow_crystal_walls, nicolae_overflow_hidden_temple,
          minmay_ruptured
D:3:      uniq_purgy

Skill      XL: |  1  2  3  4 |
---------------+-------------+-----
Unarmed Combat | 3 4 5 |  5.2
Transmutations | 2 |  2.1
Spellcasting   | 3 |  3.0
Fighting       | |  0.8
Dodging        | |  1.7

Action                   |  1- 3 |  4- 6 || total
-------------------------+-------+-------++-------
Melee: Unarmed           |   125 |    87 ||   212
       Headbutt          |    11 |     4 ||    15
       Kick              |    20 |     3 ||    23
       Punch             |     1 |     2 ||     3
 Cast: Beastly Appendage |    31 |    14 ||    45
       Sticks to Snakes  |     1 |       ||     1
       Spider Form       |       |     6 ||     6
  Use: Scroll            |     2 |       ||     2
  Eat: Chunk             |     4 |     5 ||     9
Armor: Robe              |    14 |     9 ||    23
       Skin              |       |     2 ||     2
       Troll leather arm |       |     2 ||     2
Dodge: Dodged            |    65 |    64 ||   129

Vault maps used:
D:1:      dpeg_arrival_arbitrary_a, serial_forest, infiniplex_forest_zigzag_1,
          infiniplex_forest_lined_2, infiniplex_forest_lined_room_2,
          infiniplex_forest_lined_corner, infiniplex_forest_clump_diagonal,
          infiniplex_forest_lined_4_way, infiniplex_forest_lined_2,
          infiniplex_forest_straight_1, infiniplex_forest_lined_2
D:2:      nicolae_overflow_crystal_walls, nicolae_overflow_hidden_temple,
          minmay_ruptured
D:3:      uniq_purgy

Table legend:
 A = Turns spent in this place as a percentage of turns spent in the entire game.
 B = Non-inter-level travel turns spent in this place as a percentage of non-inter-level travel turns spent in the entire game.
 C = Inter-level travel turns spent in this place as a percentage of turns spent in this place.
 D = Turns resting spent in this place as a percentage of non-inter-level travel turns spent in this place.
 E = Turns spent auto-exploring this place as a percentage of non-inter-level travel turns spent in this place.
 F = Non-inter-level travel turns spent in this place divided by the number of levels of this place that you've seen.
                   A       B       C       D       E      F
               +-------+-------+-------+-------+-------+----------------------
         Total | 100.0 | 100.0 |   0.2 |   2.5 |   7.9 | 299.0
       Dungeon |  94.3 |  94.3 |   0.2 |   2.7 |   8.4 | 376.0
         Abyss |   5.7 |   5.7 |   0.0 |   0.0 |   0.0 |  68.0
               +-------+-------+-------+-------+-------+----------------------

Table legend:
 A = Kills in this place as a percentage of kills in entire the game.
 B = Kills by you in this place as a percentage of kills by you in the entire game.
 C = Kills by friends in this place as a percentage of kills by friends in the entire game.
 D = Other kills in this place as a percentage of other kills in the entire game.
 E = Experience gained in this place as a percentage of experience gained in the entire game.
 F = Experience gained in this place divided by the number of levels of this place that you have seen.
                   A       B       C       D       E      F
               +-------+-------+-------+-------+-------+----------------------
         Total | 100.0 | 100.0 |  -nan |  -nan | 100.0 |  91.5
       Dungeon | 100.0 | 100.0 |  -nan |  -nan | 100.0 | 122.0
               +-------+-------+-------+-------+-------+----------------------
